 Dungeon Crawl Stone Soup version 0.21.0-3-g78d12a8 (webtiles) character file.

79 letownia2 the Ruffian (level 4, 27/28 HPs)
             Began as a Gargoyle Fighter on Jan 8, 2018.
             Quit the game in the Ecumenical Temple.
             The game lasted 00:01:41 (808 turns).

letownia2 the Ruffian (Gargoyle Fighter)             Turns: 808, Time: 00:01:41

Health: 27/28      AC: 10    Str: 19    XL:     4   Next: 37%
Magic:  4/4        EV:  7    Int: 10    God:
Gold:   42         SH:  9    Dex:  9    Spells: 3/3 levels left

rFire    . . .     SeeInvis .     - Unarmed
rCold    . . .     Gourm    .   b - +0 shield
rNeg     + . .     Faith    .   a - +0 scale mail
rPois    ∞         Spirit   .   (no helmet)
rElec    +         Reflect  .   (no cloak)
rCorr    .         Harm     .   (no gloves)
MR       .....                  (no boots)
Stlth    ..........             (no amulet)
HPRegen  0.09/turn              (no ring)
MPRegen  0.09/turn              (no ring)

@: no status effects
A: negative energy resistance 1, electricity resistance, unbreathing,
petrification resistance, rot immunity, AC +3
a: no special abilities


You were in the Ecumenical Temple.
You were not hungry.

You visited 2 branches of the dungeon, and saw 5 of its levels.

You collected 42 gold pieces.

Inventory:

Armour
 a - a +0 scale mail (worn)
 b - a +0 shield (worn)
Scrolls
 f - a scroll of remove curse {unknown}
 h - a scroll of fog {unknown}
 i - 3 scrolls of magic mapping {unknown}
Potions
 c - 2 potions of might
 e - a potion of curing {unknown}
Comestibles
 d - 7 rations
 g - 2 chunks of flesh


   Skills:
 - Level 3.2 Fighting
 - Level 3.2 Armour
 - Level 3.2 Shields
 + Level 4.5 Unarmed Combat


You had 3 spell levels left.
You didn't know any spells.

Dungeon Overview and Level Annotations

Branches:
Dungeon (4/15)             Temple (1/1) D:4

Altars:
Ashenzari
Kikubaaqudgha
Makhleb
Nemelex Xobeh
Qazlal
Sif Muna
Xom
Zin
The Shining One


Innate Abilities, Weirdness & Mutations

You are resistant to torment.
Your stone body is resilient. (AC +3)
You are immune to poison.
You resist negative energy. (rN+)
You are resistant to electric shocks. (rElec)
You can survive without breathing.
You are immune to petrification.
You are immune to rotting.


Message History

You block the leopard gecko's attack.
You block the leopard gecko's attack. x2
The leopard gecko closely misses you. You block the leopard gecko's attack.
Found a burning altar of Makhleb.
The leopard gecko bites you but does no damage.
Found a shimmering altar of Xom.
The leopard gecko bites you.
The leopard gecko hisses menacingly.
Found a stormy altar of Qazlal.
The leopard gecko bites you.
The leopard gecko bites you but does no damage.
The leopard gecko bites you but does no damage.
You block the leopard gecko's attack. The leopard gecko closely misses you.
Are you sure you want to abandon this character and quit the game? (Confirm with "yes".)
Okay, then.
You aren't carrying any pieces of jewellery.
Unknown command.
Are you sure you want to abandon this character and quit the game? (Confirm with "yes".)

..............................§.≈
...............................§≈
...........⌠............._....≈§§
.............................≈≈≈≈
............................≈≈≈§§
...........................≈≈≈≈≈§
._........._........._....≈≈≈≈≈§§
................l........≈≈§≈≈§≈
................@.......≈≈≈≈≈≈§
§......................≈≈≈≈≈≈≈
≈§..._..........._....≈§§≈≈≈
≈§...................≈≈≈§≈≈≈
≈≈≈.................≈≈≈≈§≈§
§≈§§...............≈≈≈≈≈§≈
≈≈≈≈≈.§...........≈≈≈≈≈≈≈
§§§≈§≈§....<.....≈≈§≈≈≈≈
≈§§§§≈§§.......§≈≈≈


You could see a leopard gecko.

Vanquished Creatures
  A worker ant (D:4)
  4 adders
  2 bats
  A giant cockroach (D:4)
  2 goblins (D:1)
  2 hobgoblins (D:1)
  A frilled lizard (D:4)
  4 kobolds
  6 rats
23 creatures vanquished.

Notes
Turn   | Place    | Note
-------+----------+-------------------------------------------
     0 | D:1      | letownia2 the Gargoyle Fighter began the quest for the Orb.
     0 | D:1      | Reached XP level 1. HP: 14/14 MP: 1/1
   166 | D:1      | Reached XP level 2. HP: 15/19 MP: 2/2
   289 | D:2      | Reached skill level 3 in Unarmed Combat
   298 | D:2      | Reached XP level 3. HP: 21/23 MP: 3/3
   613 | D:4      | Reached skill level 4 in Unarmed Combat
   613 | D:4      | Reached XP level 4. HP: 21/28 MP: 4/4
   696 | D:4      | Found a glowing golden altar of the Shining One.
   744 | D:4      | Found a staircase to the Ecumenical Temple.
   753 | Temple   | Entered the Ecumenical Temple
   808 | Temple   | Quit the game

Skill      XL: |  1  2  3 |
---------------+----------+-----
Unarmed Combat | 3 4 |  4.5
Fighting       | |  3.2
Armour         | |  3.2
Shields        | |  3.2

Action                   |  1- 3 |  4- 6 || total
-------------------------+-------+-------++-------
Melee: Unarmed           |   116 |    12 ||   128
Armor: Scale mail        |    50 |     9 ||    59
Dodge: Dodged            |    24 |     7 ||    31
Block: Shield            |    51 |    11 ||    62
